 Dungeon Crawl Stone Soup version 0.29.0-4-gdea44cf6ec (webtiles) character file.

Game seed: 6728382301148912650

125 qw the Chopper (level 5, -5/30 HPs)
             Began as a Tengu Warper on Aug 28, 2022.
             Killed from afar by Sigmund (10 damage)
             ... with a magic dart
             ... on level 3 of the Dungeon.
             The game lasted 00:00:13 (2690 turns).

qw the Chopper (Tengu Warper)                       Turns: 2690, Time: 00:00:14

Health: -5/30      AC:  3    Str: 13    XL:     5   Next: 9%
Magic:  9/9        EV: 14    Int: 14    God:
Gold:   234        SH:  0    Dex: 13    Spells: 8/8 levels left

rFire   . . .      SeeInvis .   Y - +0 hand axe
rCold   . . .      Faith    .   (no shield)
rNeg    . . .      Spirit   .   b - +0 leather armour
rPois   .          Reflect  .   (helmet restricted)
rElec   .          Harm     .   (no cloak)
rCorr   .          Rampage  .   (no gloves)
Will    .....                   (boots unavailable)
Stlth   +.........              (no amulet)
HPRegen 0.10/turn               (no ring)
MPRegen 0.11/turn               (no ring)

@: flying quickly and evasively, quick
A: beak, talons 3, nimble flight
a: no special abilities


You were on level 3 of the Dungeon.
You visited 1 branch of the dungeon, and saw 3 of its levels.

You collected 234 gold pieces.


Innate Abilities, Weirdness & Mutations

You have a beak for a mouth.
You have claws for feet.
Your magical nature lets you fly swiftly and evasively.


   Skills:
 - Level 2.0 Fighting
 + Level 5.6 Axes
 - Level 1.0 Throwing
 - Level 1.1 Armour
 - Level 2.1 Dodging
 - Level 2.0 Spellcasting
 - Level 2.4 Translocations


You had 8 spell levels left.
You didn't know any spells.
Your spell library contained the following spells:

 Spells                   Type           Power      Damage    Failure   Level
 Blink                    Tloc           16%        N/A       17%         2
 Gell's Gravitas          Tloc           8%         N/A       34%         3
 Lesser Beckoning         Tloc           8%         N/A       34%         3
 Teleport Other           Tloc           8%         N/A       34%         3
 Manifold Assault         Tloc           8%         N/A       97%         5

Inventory:

Hand Weapons
 i - a +0 flail
 Y - a +0 hand axe (weapon)
Armour
 a - the +1 pair of gloves "Byolef Ijare" {Harm rF- Str+4 Dex+2}
   (You acquired it on level 2 of the Dungeon)

   Str:       It affects your strength (+4).
   Dex:       It affects your dexterity (+2).
   rF:        It makes you vulnerable to fire.
   Harm:      It increases damage dealt and taken.
 b - a +0 leather armour (worn)
 c - a +1 leather armour of willpower
 l - a +0 ring mail
 m - a +0 pair of gloves
Scrolls
 h - a scroll of identify
Potions
 d - 2 potions of curing {unknown}
 e - a potion of mutation {unknown}
 f - a potion of resistance {unknown}
 g - 3 potions of might {unknown}
 j - a potion of degeneration {unknown}
 k - a potion of brilliance {unknown}

Dungeon Overview and Level Annotations

Branches:
Dungeon (3/15)

Altars:
Elyvilon

Annotations:
D:3 Sigmund


Message History

2471 ||| Stepping ~*~*~tactically~*~*~ (hiding).
You start waiting.
Done waiting.
2573 ||| Stepping ~*~*~tactically~*~*~ (hiding).
You start waiting.
Done waiting.
Sigmund shouts!
Sigmund misses you.
You hit Sigmund. Your kick misses Sigmund.
Sigmund is lightly wounded.
You hit Sigmund but do no damage. Your peck misses Sigmund.
Sigmund is lightly wounded.
Sigmund closely misses you.
You hit Sigmund. Your kick misses Sigmund.
Sigmund is moderately wounded.
Sigmund casts a spell at you.
You are confused.
You slash Sigmund! You claw Sigmund.
Sigmund is severely wounded.
Sigmund hits you with a +0 scythe!
You're too confused to move!
Sigmund closely misses you.
Sigmund points at you and mumbles some strange words.
The magic dart hits you! Sigmund hits you with a +0 scythe.
You feel less confused. Sigmund hits you with a +0 scythe.
You closely miss Sigmund.
Sigmund is severely wounded.
You barely miss Sigmund.
Sigmund is severely wounded.
Sigmund closely misses you.
You barely miss Sigmund. You claw Sigmund. Your peck misses Sigmund.
Sigmund is severely wounded.
Sigmund hits you with a +0 scythe.
You closely miss Sigmund. Your kick misses Sigmund. Your peck misses Sigmund.
Sigmund is severely wounded.
Sigmund gestures at you while chanting. The magic dart hits you!
You die...

#.......#.#
#######.#.# #.#.#
#.#(##### #
#.#.#...###.#
#.#..........
###.#......#
#.#####.%........#
#.....%.#.#.#@..##
.########.##..@##
#.###....?..# ...
.........
#.######.#.## #.#
.# .. #.# .# # .


You could see Sigmund.

Vanquished Creatures
  2 orc priests (D:3)
  2 adders
  A dart slug (D:2)
  3 orcs (D:3)
  3 endoplasms
  A giant cockroach (D:1)
  2 goblins
  5 hobgoblins (D:2)
  4 jackals (D:3)
  2 quokkas
  6 ball pythons
  4 bats
  5 frilled lizards
  4 kobolds
  2 rats
46 creatures vanquished.

Vanquished Creatures (others)
  2 plants (D:1)
2 creatures vanquished.

Grand Total: 48 creatures vanquished

Notes
Turn   | Place    | Note
-------+----------+-------------------------------------------
     0 | D:1      | qw the Tengu Warper began the quest for the Orb.
     0 | D:1      | Reached XP level 1. HP: 12/12 MP: 4/4
     0 | D:1      | 0 ||| qw: Version: 0.1-a-89-g26bdef1
     0 | D:1      | 0 ||| qw: Game counter: 3103
     0 | D:1      | 0 ||| qw: Always use a shield: true
     0 | D:1      | 0 ||| qw: God list: Okawaru
     0 | D:1      | 0 ||| qw: Allow faded altars: false
     0 | D:1      | 0 ||| qw: Do Orc after D:15 true
     0 | D:1      | 0 ||| qw: Do second Lair branch before Depths: true
     0 | D:1      | 0 ||| qw: Lair rune preference: random
     0 | D:1      | 0 ||| qw: Plans: Normal
     0 | D:1      | 0 ||| PLANNING D:1-11
   186 | D:1      | Reached XP level 2. HP: 13/17 MP: 6/6
   299 | D:1      | Reached skill level 3 in Axes
   770 | D:1      | 770 ||| READING scroll labelled KUB PIOTUOSAFO.
   771 | D:1      | 771 ||| READING scroll labelled ZAUFUGH ORCHYO.
   776 | D:1      | 776 ||| READING scroll labelled LALOMOU VESAFREL.
   777 | D:1      | 777 ||| READING scroll labelled GANKOGEGUI.
   778 | D:1      | 778 ||| DROPPING scroll of blinking.
   792 | D:2      | 792 ||| STAIRDANCE
   972 | D:2      | Reached XP level 3. HP: 20/21 MP: 7/7
  1126 | D:2      | Reached skill level 4 in Axes
  1161 | D:2      | Found a white marble altar of Elyvilon.
  1320 | D:2      | 1320 ||| DROPPING +0 whip.
  1516 | D:2      | 1516 ||| DROPPING ring of flight.
  1517 | D:2      | 1517 ||| READING scroll labelled REFEFE WIZXA.
  1517 | D:2      | Identified a scroll of acquirement
  1517 | D:2      | 1517 ||| ACQUIRING +1 pair of gloves "Byolef Ijare" {Harm
                  | rF- Str+4 Dex+2}
  1517 | D:2      | Acquired the +1 pair of gloves "Byolef Ijare" {Harm rF-
                  | Str+4 Dex+2}
  1519 | D:2      | 1519 ||| READING scroll labelled BECAEB ZUTILY.
  1637 | D:2      | 1637 ||| READING 2 scrolls labelled WAOVEU KEXUTIZ.
  1664 | D:3      | 1664 ||| Stepping ~*~*~tactically~*~*~ (hiding).
  1677 | D:3      | HP: 3/21 [orc priest/+0 falchion (5)]
  1679 | D:3      | Reached XP level 4. HP: 4/26 MP: 8/8
  1686 | D:3      | 1686 ||| FLEEEEING.
  1687 | D:3      | 1687 ||| FLEEEEING.
  1688 | D:3      | 1688 ||| STAIRDANCE
  1949 | D:3      | 1949 ||| Stepping ~*~*~tactically~*~*~ (hiding).
  1958 | D:3      | Reached skill level 5 in Axes
  1959 | D:3      | HP: 3/26 [orc/+0 short sword (4)]
  1960 | D:3      | HP: 1/26 [orc/+0 short sword (2)]
  2351 | D:3      | Gained mutation: Your magical nature lets you fly swiftly
                  | and evasively. [Tengu growth]
  2351 | D:3      | Reached XP level 5. HP: 30/30 MP: 9/9
  2412 | D:3      | 2412 ||| Stepping ~*~*~tactically~*~*~ (stealth).
  2413 | D:3      | 2413 ||| Stepping ~*~*~tactically~*~*~ (stealth).
  2470 | D:3      | Noticed Sigmund
  2471 | D:3      | 2471 ||| Stepping ~*~*~tactically~*~*~ (hiding).
  2573 | D:3      | 2573 ||| Stepping ~*~*~tactically~*~*~ (hiding).
  2689 | D:3      | HP: 5/30 [Sigmund/+0 scythe (4)]
  2690 | D:3      | Killed from afar by Sigmund

Levels and vault maps discovered:
D:1:      lemuel_arrival_funnel, layout_rooms, serial_bayou_lagoon_a,
          dreamdust_wishing_well
D:2:      layout_rooms, basic_altar
D:3:      layout_loops_ring, uniq_sigmund

Skill      XL: |  1  2  3  4 |
---------------+-------------+-----
Axes           | 3 4 5 |  5.6
Fighting       | |  2.0
Throwing       | |  1.0
Armour         | |  1.1
Dodging        | |  2.1
Spellcasting   | |  2.0
Translocations | |  2.4

Action                   |  1- 3 |  4- 6 || total
-------------------------+-------+-------++-------
Melee: Hand axe          |    85 |    36 ||   121
       Peck              |     9 |     5 ||    14
       Kick              |    19 |     8 ||    27
Throw: Boomerang         |     7 |       ||     7
  Use: Scroll            |     7 |       ||     7
Armor: Leather armour    |    25 |     6 ||    31
Dodge: Dodged            |    56 |    20 ||    76

Table legend:
 A = Non-vault XP
 B = Vault XP
 C = Vault XP percentage of total XP
 D = Non-vault monster count
 E = Vault monster count
 F = Vault count percentage of total count
                 A         B        C        D         E       F
            +---------+---------+-------+---------+---------+-------
      Total |     179 |       0 |   0.0 |      46 |       0 |   0.0
            +---------+---------+-------+---------+---------+-------
        D:1 |      31 |       0 |   0.0 |      15 |       0 |   0.0
        D:2 |      29 |       0 |   0.0 |      17 |       0 |   0.0
        D:3 |     119 |       0 |   0.0 |      14 |       0 |   0.0
            +---------+---------+-------+---------+---------+-------
